 Dungeon Crawl Stone Soup version 0.30-a0-374-g95c0257040 (webtiles) character file.

Game seed: 9212440663739016921

536578 KennySheep the Crack Shot (level 23, -2/201 HPs)
             Began as a Demigod Hunter on Nov 26, 2022.
             Succumbed to a death drake's dark miasma
             ... on level 4 of the Abyss.
             The game lasted 04:11:19 (67964 turns).

KennySheep the Crack Shot (Demigod Hunter)         Turns: 67964, Time: 04:11:19

Health: -2/201     AC: 35    Str: 12    XL:     23   Next: 96%
Magic:  1/41       EV: 29    Int: 13    God:
Gold:   5181       SH:  0    Dex: 48    Spells: 8/38 levels left

rFire   + . .      SeeInvis .    a - +5 triple crossbow (chaos)
rCold   + + +      Faith    .    (shield currently unavailable)
rNeg    + . .      Spirit   +    W - +9 ice dragon scales
rPois   +          Reflect  .    T - +2 hat of the Bear Spirit {Spirit, *Rage Will++}
rElec   +          Harm     .    L - +1 cloak of Starlight {*Dazzle EV+4 Stlth--}
rCorr   .          Rampage  .    U - +1 pair of gloves {Stlth+}
Will    +++++      Rage     20%  w - +1 pair of boots {Fly}
Stlth   +++++.....               p - amulet of the Augurer {RegenMP rPois rN+}
HPRegen 0.00/turn                J - ring "Enuef" {rElec rF+ Will+ Int+2 Dex+3}
MPRegen 0.67/turn                u - ring "Zeujewouf" {rF+ rC+ Stlth+}

@: lethally poisoned (-2 -> -21), about to teleport, sick, flying, slowed,
studying Fighting, very slow
A: high MP 1, forlorn, divine attributes
}: 2/15 runes: barnacled, gossamer
a: no special abilities


You were on level 4 of the Abyss.
You visited 9 branches of the dungeon, and saw 44 of its levels.
You visited the Abyss 3 times.
You also visited: Sewer, Bailey, Gauntlet and Ice Cave.

You collected 9509 gold pieces.
You spent 4328 gold pieces at shops.

Inventory:

Hand Weapons
 a - a +5 triple crossbow of chaos (weapon)
 b - the +4 dagger "Morg" {pain, Will+ Int+5}
   (You found it on level 4 of the Dungeon)

   In the hands of one skilled in necromantic magic, it inflicts extra damage on
   living creatures.
   Int:       It affects your intelligence (+5).
   Will:      It increases your willpower.
Armour
 w - a +1 pair of boots of flying (worn)
 L - the +1 cloak of Starlight (worn) {*Dazzle EV+4 Stlth--}
   (You found it on level 1 of the Elven Halls)

   It may blind those who miss an attack against the wearer in melee combat.
   EV:        It affects your evasion (+4).
   Stlth:     It makes you much less stealthy.
 T - the +2 hat of the Bear Spirit (worn) {Spirit, *Rage Will++}
   (You found it on level 2 of the Depths)

   Going berserk makes the wearer tougher, and they're slowed less afterward.
   *Rage:     It berserks you when you make melee attacks (+20% chance).
   Will:      It greatly increases your willpower.
 U - a +1 pair of gloves of stealth (worn)
 W - +9 ice dragon scales (worn)
Jewellery
 p - the amulet of the Augurer (around neck) {RegenMP rPois rN+}
   (You took it off a deep elf annihilator on level 3 of the Elven Halls)

   [amulet of magic regeneration]

   It increases your rate of magic regeneration.
   rPois:     It protects you from poison.
   rN:        It protects you from negative energy.
 u - the ring "Zeujewouf" (right hand) {rF+ rC+ Stlth+}
   (You found it on level 3 of the Depths)

   [ring of protection from fire]

   rF:        It protects you from fire.
   rC:        It protects you from cold.
   Stlth:     It makes you more stealthy.
 D - the ring "Kyluoclu" {rCorr Int+6 SInv}
   (You took it off a deep elf sorcerer on level 3 of the Elven Halls)

   [ring of intelligence]

   Int:       It affects your intelligence (+6).
   SInv:      It lets you see invisible.
   rCorr:     It protects you from acid and corrosion.
 J - the ring "Enuef" (left hand) {rElec rF+ Will+ Int+2 Dex+3}
   (You bought it in a shop on level 4 of the Shoals)

   [ring of protection from fire]

   Int:       It affects your intelligence (+2).
   Dex:       It affects your dexterity (+3).
   rF:        It protects you from fire.
   rElec:     It insulates you from electricity.
   Will:      It increases your willpower.
Wands
 c - a wand of acid (21)
 j - a wand of flame (84)
 x - a wand of iceblast (29)
 A - a wand of digging (3)
 F - a wand of polymorph (1)
 G - a wand of charming (51)
 M - a wand of mindburst (18)
Scrolls
 e - 10 scrolls of fog
 g - 7 scrolls of vulnerability
 h - 3 scrolls of teleportation
 k - 9 scrolls of immolation
 n - 21 scrolls of identify
 o - 2 scrolls of amnesia
 q - a scroll of summoning
 t - 4 scrolls of enchant armour
 y - 3 scrolls of poison
 z - 6 scrolls of magic mapping
 C - 2 scrolls of brand weapon
 Q - 3 scrolls of torment
 S - 2 scrolls of silence
Potions
 d - 16 potions of curing
 f - 5 potions of might
 m - 2 potions of invisibility
 r - a potion of resistance {unknown}
 s - 20 potions of ambrosia
 B - 8 potions of brilliance
 E - 13 potions of mutation
 H - 8 potions of haste
 N - 3 potions of berserk rage
 O - 7 potions of cancellation
 P - a potion of magic
Miscellaneous
 l - a phantom mirror


   Skills:
 + Level 15.9 Fighting
 - Level 10.0 Short Blades
 + Level 26.4 Ranged Weapons
 * Level 17.8 Armour
 - Level 12.8 Dodging
 - Level 11.1 Stealth
 - Level 8.4 Spellcasting
 - Level 8.2 Hexes
 - Level 11.3 Necromancy
 - Level 8.7 Translocations


You had 8 spell levels left.
You knew the following spells:

 Your Spells              Type           Power      Damage    Failure   Level
a - Blink                 Tloc           56%        N/A       1%          2
b - Dispel Undead         Necr           34%        3d15      4%          4
c - Vampiric Draining     Necr           34%        2d8       1%          3
d - Animate Dead          Necr           34%        N/A       4%          4
e - Anguish               Hex/Necr       15%        N/A       9%          4
f - Passage of Golubria   Tloc           28%        N/A       13%         4
g - Death Channel         Necr           17%        N/A       56%         6
z - Portal Projectile     Hex/Tloc       54%        N/A       4%          3

Your spell library contained the following spells:

 Spells                   Type           Power      Damage    Failure   Level
 Apportation              Tloc           56%        N/A       1%          1
 Necrotise                Necr           100%       1d9       1%          1
 Slow                     Hex            100%       N/A       1%          1
 Sublimation of Blood     Necr           34%        N/A       1%          2
 Lesser Beckoning         Tloc           56%        N/A       3%          3
 Kiss of Death            Conj/Necr      80%        2d11      4%          1
 Confusing Touch          Hex            27%        N/A       4%          3
 Tukima's Dance           Hex            27%        N/A       4%          3
 Momentum Strike          Conj/Tloc      32%        3d8       12%         2
 Agony                    Necr           34%        N/A       12%         5
 Ensorcelled Hibernation  Hex/Ice        32%        N/A       13%         2
 Manifold Assault         Tloc           28%        N/A       13%         4
 Cigotuvi's Dreadful Rot  Necr/Pois/Air  30%        N/A       16%         2
 Cause Fear               Hex            13%        N/A       16%         4
 Summon Guardian Golem    Hex/Summ       16%        N/A       26%         3
 Kindle Blastsparks       Fire/Tloc/Air  26%        2d12      38%         3
 Beastly Appendage        Tmut           10%        N/A       43%         1
 Summon Small Mammal      Summ           20%        N/A       43%         1
 Call Imp                 Summ           5%         N/A       56%         2
 Wereblood                Tmut           5%         N/A       56%         2
 Iskenderun's Mystic Bla  Conj/Tloc      16%        2d5       61%         4
 Leda's Liquefaction      Hex/Erth       8%         N/A       63%         4
 Ignite Poison            Fire/Tmut/Pois 5%         N/A       80%         3
 Mephitic Cloud           Conj/Pois/Air  5%         N/A       80%         3
 Spider Form              Tmut/Pois      5%         N/A       80%         3
 Swiftness                Air            5%         N/A       80%         3
 Summon Forest            Summ/Tloc      8%         N/A       91%         5
 Metabolic Englaciation   Hex/Ice        8%         N/A       93%         5
 Summon Mana Viper        Hex/Summ       16%        N/A       93%         5
 Yara's Violent Unravell  Hex/Tmut       8%         3d5       93%         5
 Airstrike                Air            2%         2d(1-17)  99%         4
 Flame Wave               Conj/Fire      5%         2d5       99%         4
 Petrify                  Tmut/Erth      5%         N/A       99%         4
 Sticky Flame             Conj/Fire      5%         2d3       99%         4
 Summon Ice Beast         Ice/Summ       5%         N/A       99%         4
 Summon Lightning Spire   Summ/Air       5%         N/A       99%         4
 Alistair's Intoxication  Tmut/Pois      3%         N/A       100%        5
 Fireball                 Conj/Fire      2%         3d4       100%        5
 Freezing Cloud           Conj/Ice/Air   2%         6-21      100%        5
 Irradiate                Conj/Tmut      2%         3d12      100%        5
 Lee's Rapid Deconstruct  Erth           2%         3d5*      100%        5
 Lightning Bolt           Conj/Air       2%         1d14      100%        5
 Conjure Ball Lightning   Conj/Air       2%         3x3d6     100%        6
 Simulacrum               Ice/Necr       10%        N/A       100%        6
 Statue Form              Tmut/Erth      3%         N/A       100%        6
 Summon Cactus Giant      Summ           2%         N/A       100%        6
 Enfeeble                 Hex            13%        N/A       100%        7
 Haunt                    Necr/Summ      10%        N/A       100%        7
 Malign Gateway           Summ/Tloc      8%         N/A       100%        7
 Monstrous Menagerie      Summ           2%         N/A       100%        7
 Storm Form               Tmut/Air       2%         N/A       100%        7
 Summon Hydra             Summ           2%         N/A       100%        7
 Ignition                 Fire           2%         3d3       100%        8
 Infestation              Necr           17%        N/A       100%        8
 Summon Horrible Things   Summ           2%         N/A       100%        8
 Chain Lightning          Conj/Air       2%         3d3       100%        9
 Fire Storm               Conj/Fire      2%         8d1       100%        9
 Polar Vortex             Ice            2%         N/A       100%        9


Dungeon Overview and Level Annotations

Branches:
Dungeon (15/15)            Temple (0/1) D:5            Lair (5/5) D:10
 Shoals (4/4) Lair:2       Spider (4/4) Lair:3        Slime (0/5) Lair:4
    Orc (2/2) D:11            Elf (3/3) Orc:2        Vaults (4/5) D:13
  Crypt (3/3) Vaults:2       Tomb (0/3) Crypt:3      Depths (4/4) D:15
    Zot (0/5) Depths:4      Sewer (visited)          Bailey (visited)
  IceCv (visited)         Gauntlet (visited)

Shops:
D:3 ?:*[[   D:6 (   D:14 =   Orc:2 [:*?   Elf:2 [   Shoals:2 [   Shoals:4 ?(!(=

Portals:
Hell: Depths:1 Depths:2 Depths:3 Depths:4
Abyss: Lair:5 Depths:3
Pandemonium: Depths:2
Ziggurat: Depths:2

Annotations:
Lair:2 3 runed translucent doors, Faocaxoob's ghost, journeyman MiBe
Lair:3 2 transporters, hito's ghost, journeyman DsRe
Lair:4 2 transporters, Diamem's ghost, adept GnHW


Innate Abilities, Weirdness & Mutations

You have an increased reservoir of magic. (+10% MP)
You shall have no god before yourself.
Your divine heritage dramatically boosts your attributes as you level up.


Message History

* * * LOW HITPOINT WARNING * * *
The starcursed mass completely misses you.
You feel better. The death drake misses you.
A starcursed mass splits.
The starcursed mass completely misses you.
The sun demon completely misses you. The starcursed mass closely misses you.
The starcursed mass completely misses you.
The death drake misses you. The starcursed mass barely misses you.
The starcursed mass completely misses you.
The sun demon completely misses you.
You feel better. The death drake breathes miasma at you.
The foul vapour misses you. The starcursed mass closely misses you.
The starcursed mass misses you.
The starcursed mass touches you but does no damage.
The starcursed mass barely misses you.
The sun demon hits you but does no damage.
The death drake barely misses you.
The starcursed mass touches you but does no damage.
The starcursed mass misses you. The starcursed mass barely misses you.
The starcursed mass closely misses you.
You feel better.
You are engulfed in dark miasma.
* * * LOW HITPOINT WARNING * * *
The sun demon barely misses you. The death drake misses you.
The death drake is blinded by the light from your cloak!
A cacophony of accursed wailing tears at your sanity!
* * * LOW HITPOINT WARNING * * *
The starcursed mass touches you but does no damage.
The starcursed mass touches you!
* * * LOW HITPOINT WARNING * * *
The starcursed mass touches you but does no damage.
The sun demon completely misses you.
The sun demon is temporarily struck blind!
The death drake misses you.
The death drake's vision is obscured by starry radiance!
The starcursed mass completely misses you.
The starcursed mass touches you but does no damage.
You feel better.
You are engulfed in dark miasma.
You are lethally poisoned!
* * * LOW HITPOINT WARNING * * *
You die...

.#.# . ....≈≈~
#.##.... . ~ ~
#... .... # ~~ #
#..###...# #
#...#.....# ...
###X........ ..
. #.XXX...... ..
. .. #XXkX......
. .. .
#X@3X.#.....#
...
##XX.###...###..
#.v...# . .. .
......... ....
.............
...
..............
...#.....#...
...###...###...


You could see 11 starcursed masses, a death drake (strong, blind), a sun demon
(blind) and a will-o-the-wisp.

Vanquished Creatures
  2 dread liches (Depths:3)
  An ancient lich (Crypt:3)
  Khufu (Crypt:1)
  A juggernaut (Depths:4)
  Mara (Shoals:3)
  Sojobo (Depths:3)
  A royal mummy (Crypt:1)
  The ghost of Qanuace the Warrior, a veteran DsFi of Okawaru (Vaults:3)
  Frederick (Vaults:2)
  Boris (Crypt:1)
  Margery (Crypt:2)
  4 profane servitors
  A golden dragon (shapeshifter) (Depths:2)
  4 golden dragons (Depths:4)
  the Enchantress (Depths:2)
  4 bone dragons
  The ghost of Diaqofic the Fetichist, an adept GnAr of Dithmenos (Elf:1)
  Rupert (D:13)
  A hellephant (Abyss:4)
  A Hell Sentinel (Abyss:3)
  A tentacled monstrosity (Depths:4)
  Jorgrun (Elf:1)
  4 liches
  2 deep elf blademasters (Elf:3)
  3 krakens
  The ghost of themarg the Devastator, an adept DrCj of Vehumet (Shoals:4)
  8 tentacled starspawn
  4 ancient champions
  2 deep elf master archers (Elf:3)
  4 sphinxes
  6 tengu reavers
  A shadow dragon (Depths:4)
  Roxanne (Shoals:2)
  2 azure jellies (IceCv)
  A revenant (Vaults:2)
  Donald (Shoals:3)
  A storm dragon (Depths:2)
  A rockslime (IceCv)
  4 fire giants
  9 frost giants
  17 vault wardens
  6 ghost moths
  A balrug (Abyss:2)
  6 emperor scorpions
  7 deep elf sorcerers
  A cacodemon (Abyss:2)
  A draconian shifter (Abyss:3)
  Louise (D:14)
  A deep elf elementalist (Elf:3)
  A curse skull (Crypt:2)
  3 ghouls
  The ghost of Zatt the Spry, an adept SpAK of Lugonu (Depths:3)
  6 broodmothers
  6 spriggan defenders
  A draconian annihilator (Depths:4)
  17 ironbound preservers
  10 war gargoyles
  2 orc warlords
  4 quicksilver oozes (IceCv)
  10 stone giants
  A starflower (Abyss:2)
  28 very ugly things
  9 vampire knights
  A juggernaut skeleton (Crypt:3)
  4 black draconians
  A caustic shrike skeleton (Crypt:3)
  6 deep elf demonologists
  2 white draconians (Depths:4)
  8 ironbound thunderhulks
  A yellow draconian (Depths:4)
  8 deep elf annihilators
  21 dire elephants
  A minotaur (Gauntlet)
  A red draconian (Depths:4)
  4 spark wasps
  A purple draconian (Depths:4)
  4 ettins
  An eidolon (Crypt:2)
  3 crystal guardians (Crypt:3)
  2 pearl dragon zombies (Crypt:1)
  6 deep elf death magi
  3 blizzard demons
  2 green deaths
  4 entropy weavers
  4 merfolk javelineers
  5 jiangshi
  A deep elf high priest (Elf:3)
  5 fire dragons
  7 yaktaur captains
  3 rakshasas (Depths:1)
  2 spriggan zombies
  A fire dragon (shapeshifter) (Depths:2)
  7 great orbs of eyes
  5 ice dragons
  9 vault guards (Vaults:4)
  An Orb Guardian zombie (Crypt:1)
  2 jorogumos
  An ogre mage (Vaults:3)
  3 hydras
  2 radroaches
  4 death knights
  11 spriggan air magi
  7 boulder beetles
  16 centaur warriors
  4 merfolk avatars
  5 satyrs
  3 catoblepae
  A fenstrider witch skeleton (Crypt:3)
  A catoblepas (shapeshifter) (Depths:2)
  10 ironbound frosthearts
  A naga warrior (Abyss:2)
  6 deep troll shamans
  2 two-headed ogres
  8 vampire magi
  10 deep troll earth magi
  8 hell hogs
  28 dancing weapons
  7 tengu warriors
  3 orc high priests (Orc:2)
  10 hell knights
  10 thrashing horrors
  10 spriggan berserkers
  17 deep elf knights
  A titan zombie (Crypt:3)
  A shadow wraith (Crypt:1)
  5 wretched stars
  5 iron trolls
  5 pharaoh ants
  2 steelbarb worms (shapeshifter) (Depths:2)
  4 flayed ghosts
  19 skeletal warriors
  A spatial maelstrom (Abyss:4)
  11 glowing orange brains
  A bunyip zombie (Crypt:1)
  55 deep trolls
  20 large abominations
  A deep troll (shapeshifter) (Depths:2)
  8 steelbarb worms
  An orb spider (shapeshifter) (Depths:2)
  4 sun moths
  8 orb spiders
  2 spriggan simulacra (Crypt:1)
  11 sea snakes
  4 orc knights (Orc:2)
  49 starcursed masses
  13 wizards
  17 deep elf archers
  3 obsidian statues (Depths:2)
  15 lindwurms
  33 deep elf zephyrmancers
  13 phantasmal warriors
  33 deep elf pyromancers
  3 orange crystal statues
  10 harpies
  9 ironbound convokers
  13 necromancers
  Pikel (D:9)
  A frost giant zombie (Crypt:2)
  3 cyclopes
  25 wolf spiders
  A manticore (shapeshifter) (Depths:2)
  A salamander (D:15)
  8 orc sorcerers
  24 manticores
  27 fauns
  37 ugly things
  A moth of wrath (shapeshifter) (Depths:2)
  4 worldbinders
  4 apis skeletons (Crypt:1)
  7 elephants (Lair:4)
  A centaur zombie (Crypt:1)
  A frost giant skeleton (Crypt:2)
  A guardian serpent (shapeshifter) (Lair:5)
  19 vault sentinels
  2 black mambas
  2 apocalypse crabs (Abyss:4)
  9 moths of wrath
  Joseph (D:7)
  5 water nymphs
  A titan simulacrum (Crypt:1)
  A minotaur zombie (Gauntlet)
  9 merfolk sirens
  4 guardian serpents
  2 dire elephant zombies
  A stone giant skeleton (Crypt:3)
  2 gargoyles
  12 torpor snails
  11 cane toads
  10 smoke demons
  A molten gargoyle (Depths:2)
  A water nymph (shapeshifter) (Depths:2)
  A rime drake (Lair:1)
  6 demonic crawlers
  2 dire elephant skeletons
  4 kobold demonologists
  2 orange demons (Abyss:1)
  2 unseen horrors
  A komodo dragon (shapeshifter) (Abyss:2)
  A tormentor (Abyss:3)
  7 komodo dragons
  32 yaktaurs
  3 efreet
  A sea snake skeleton (Crypt:1)
  7 freezing wraiths
  A harpy zombie (Crypt:3)
  An ice devil (Gauntlet)
  8 meliai
  A queen bee (D:11)
  9 tengu conjurers
  4 polar bears
  A queen bee (shapeshifter) (Depths:2)
  11 ancient zymes
  16 merfolk
  A hornet (shapeshifter) (Depths:2)
  15 trolls
  Prince Ribbit (D:5)
  24 blink frogs
  30 tarantellas
  9 hornets
  12 raiju
  14 wind drakes
  2 harpy skeletons
  A mana viper skeleton (Crypt:1)
  A hydra skeleton (Crypt:1)
  46 slime creatures
  4 dream sheep (Shoals:1)
  6 snapping turtles
  8 air elementals
  28 jumping spiders
  13 water elementals
  35 flying skulls
  3 ynoxinuls
  2 vampires
  17 spriggans
  2 shadows
  A spriggan (shapeshifter) (D:14)
  3 fire bats (Gauntlet)
  12 wraiths
  25 culicivoras
  10 chaos spawn
  74 yaks
  A wyvern (D:10)
  8 basilisks
  3 steam dragons
  3 neqoxecs
  13 fire elementals
  60 redbacks
  2 vampire mosquitoes (D:13)
  A warg (Orc:2)
  2 spatial vortices (Abyss:4)
  A deep troll zombie (Crypt:2)
  A swamp worm (shapeshifter) (Depths:2)
  A harpy simulacrum (Abyss:4)
  Menkaure (D:5)
  A merfolk zombie (Crypt:2)
  9 water moccasins
  A hell hound (Gauntlet)
  A fire bat skeleton (Crypt:1)
  A demonspawn skeleton (Crypt:1)
  3 ice beasts
  A black bear (shapeshifter) (D:15)
  2 black bears
  38 orc warriors
  31 small abominations
  8 boggarts
  2 great orb of eyes simulacra (IceCv)
  8 wolves
  6 ogres
  A centaur (shapeshifter) (Lair:5)
  7 centaurs
  An elephant skeleton (Crypt:2)
  2 phantoms
  A manticore skeleton (Crypt:2)
  A lemure (D:9)
  2 slime creature simulacra (IceCv)
  A hog skeleton (Crypt:2)
  6 bullfrogs
  8 necrophages
  5 kobold brigands
  A fire crab zombie (Crypt:1)
  2 gnoll sergeants
  12 earth elementals
  A salamander skeleton (Crypt:2)
  3 glowing shapeshifter simulacra (IceCv)
  12 wights
  A wyvern skeleton (Crypt:1)
  30 killer bees
  8 howler monkeys
  2 vampire bats (D:11)
  A crimson imp (Abyss:2)
  4 quasits
  A bullfrog skeleton (D:4)
  2 gnoll boudas
  6 hounds
  16 orc priests
  Crazy Yiuf (D:5)
  3 iron imps
  4 jellies
  2 centaur skeletons (D:4)
  Natasha (thrice) (D:4)
  9 iguanas
  23 orc wizards
  5 hell rats (Lair:4)
  A spectral hound (D:4)
  A hound zombie (D:4)
  A hound skeleton (D:4)
  2 mummies (Crypt:1)
  Robin (D:2)
  15 gnolls
  4 adders
  A river rat (Sewer)
  A shadow imp (D:6)
  7 white imps
  An ufetubus (Abyss:1)
  A jelly zombie (Crypt:2)
  An iguana skeleton (Crypt:1)
  2 worms (D:3)
  3 dart slugs
  96 orcs
  12 bats
  9 endoplasms
  5 giant cockroaches
  14 goblins
  9 hobgoblins
  15 jackals
  4 quokkas
  10 ball pythons
  2 frilled lizards
  31 kobolds
  A kobold skeleton (Crypt:2)
  11 rats
  A spectral orc (D:10)
  6 ball lightnings (Depths:2)
  A butterfly (Lair:5)
  2 lurking horrors
  5 starspawn tentacles
  2 tentacles
2365 creatures vanquished.

Vanquished Creatures (collateral kills)
  2 ironbound preservers
  A merfolk javelineer (Depths:1)
  A spriggan zombie (Depths:2)
  An ironbound frostheart (Vaults:1)
  8 deep trolls
  An orb spider (Spider:4)
  4 ironbound convokers
  3 harpies
  2 ugly things
  A wolf spider (Spider:1)
  A vault sentinel (Vaults:4)
  3 yaktaurs
  A slime creature (Vaults:4)
  4 redbacks
33 creatures vanquished.

Vanquished Creatures (others)
  3 spriggan zombies (Depths:2)
  2 vault guards (Vaults:4)
  A spriggan air mage (Depths:2)
  A deep elf knight (Elf:2)
  A spark wasp zombie (Depths:2)
  A phantasmal warrior (Crypt:1)
  4 ugly thing zombies
  A necromancer (Crypt:3)
  A wolf spider zombie (Spider:1)
  2 dire elephant zombies (Vaults:4)
  An orb spider zombie (Spider:4)
  20 human zombies
  An unseen horror (D:12)
  A tengu conjurer (Depths:2)
  6 redback zombies
  2 harpy zombies (Vaults:1)
  A culicivora zombie (Spider:4)
  2 jumping spider zombies (Spider:1)
  3 tarantella zombies
  A raiju (Abyss:4)
  A slime creature (IceCv)
  A great orb of eyes zombie (Vaults:1)
  13 deep troll zombies
  3 elf zombies (Elf:1)
  2 lindwurm zombies (Vaults:2)
  A slime creature simulacrum (IceCv)
  6 yaktaur zombies
  2 tengu zombies (Depths:2)
  A jackal (D:5)
  7 ball lightnings (Depths:2)
  16 foxfires (Abyss:4)
  12 fungi
  184 plants
  7 starspawn tentacles
  13 tentacles
  25 withered plants
349 creatures vanquished.

Grand Total: 2747 creatures vanquished

Notes
Turn   | Place    | Note
-------+----------+-------------------------------------------
     0 | D:1      | KennySheep the Demigod Hunter began the quest for the Orb.
     0 | D:1      | Reached XP level 1. HP: 17/17 MP: 3/3
    93 | D:1      | Reached skill level 1 in Stealth
   318 | D:1      | Reached XP level 2. HP: 24/24 MP: 4/4
   802 | D:1      | Reached skill level 4 in Ranged Weapons
  1190 | D:2      | Reached XP level 3. HP: 29/29 MP: 5/5
  1192 | D:2      | Noticed Robin
  1203 | D:2      | Killed Robin
  2121 | D:3      | Reached XP level 4. HP: 18/34 MP: 6/6
  2190 | D:3      | Found Lozoz's Book Shop.
  2211 | D:3      | Found Naeluv's Antique Armour Shoppe.
  2212 | D:3      | Found Enkeugoss's General Store.
  2219 | D:3      | Bought 2 potions of heal wounds for 130 gold pieces
  2339 | D:3      | Found Ymaitek's Magic Scroll Boutique.
  2525 | D:3      | Found Ceutuugg's Antique Armour Shop.
  3000 | D:4      | Reached XP level 5. HP: 25/42 MP: 7/7
  3097 | D:4      | Noticed an ogre
  3102 | D:4      | Killed an ogre
  3103 | D:4      | Reached skill level 5 in Ranged Weapons
  3237 | D:4      | Reached XP level 6. HP: 22/51 MP: 8/8
  3442 | D:4      | Noticed Natasha
  3447 | D:4      | Killed Natasha
  3726 | D:4      | Noticed a moth of wrath
  3861 | D:5      | Entered Level 5 of the Dungeon
  3863 | D:5      | Reached XP level 7. HP: 57/57 MP: 9/9
  3939 | D:5      | Found a staircase to the Ecumenical Temple.
  4049 | D:5      | Reached skill level 6 in Ranged Weapons
  4142 | D:5      | Noticed Prince Ribbit
  4151 | D:5      | Noticed Menkaure
  4164 | D:5      | Killed Menkaure
  4182 | D:5      | Killed Prince Ribbit
  4183 | D:5      | Reached XP level 8. HP: 67/67 MP: 10/10
  4208 | D:5      | Reached skill level 7 in Ranged Weapons
  4545 | D:5      | Found a runed translucent door.
  4546 | D:5      | Noticed Crazy Yiuf
  4896 | D:6      | Reached skill level 5 in Stealth
  4964 | D:6      | Found a glowing drain.
  4979 | Sewer    | Entered a sewer
  5087 | Sewer    | Reached skill level 5 in Fighting
  5087 | Sewer    | Reached skill level 5 in Dodging
  5500 | D:6      | Found Tiowoety's Weapon Boutique.
  6092 | D:6      | Reached skill level 8 in Ranged Weapons
  6647 | D:7      | Reached XP level 9. HP: 74/74 MP: 11/11
  6807 | D:7      | Noticed Joseph
  7539 | D:9      | Noticed a two-headed ogre
  7547 | D:9      | Killed a two-headed ogre
  7548 | D:9      | Reached skill level 9 in Ranged Weapons
  7640 | D:9      | Found a flagged portal.
  7660 | D:9      | Identified the +0 scale mail "Zuppiu Qihu" {Regen+ Dex-4
                  | SInv}
  7665 | Bailey   | Entered a bailey
  7852 | Bailey   | Identified the +9 spear of Arrival {vorpal, Str+6}
  8520 | D:4      | Noticed Natasha
  8524 | D:4      | Killed Natasha
  8543 | D:3      | Bought a jewelled leather armour for 182 gold pieces
  8543 | D:3      | Identified the +3 leather armour of Fiah {Int+3} (You
                  | bought it in a shop on level 3 of the Dungeon)
  8543 | D:3      | Bought a shiny helmet for 195 gold pieces
  8543 | D:3      | Bought a pair of glowing boots for 195 gold pieces
  8743 | D:5      | Killed Crazy Yiuf
  8744 | D:5      | Reached XP level 10. HP: 71/84 MP: 13/13
  8884 | D:7      | Killed Joseph
  9436 | D:8      | Reached skill level 10 in Ranged Weapons
  9532 | D:8      | Reached skill level 1 in Translocations
  9544 | D:8      | Reached skill level 1 in Spellcasting
  9792 | D:8      | Found a runed translucent door.
  9795 | D:8      | Noticed a centaur warrior
 10507 | D:9      | Noticed Pikel
 10518 | D:9      | Killed Pikel
 10562 | D:9      | Identified the +10 spear of Qazlal's Esteem {elec, rElec
                  | rPois Str-4}
 10835 | D:3      | Bought a book of Spatial Translocations for 200 gold pieces
 10838 | D:3      | Learned a level 2 spell: Blink
 10880 | D:4      | Found the +4 dagger "Morg" {pain, Will+ Int+5}
 11034 | D:4      | Noticed Natasha
 11037 | D:4      | Killed Natasha
 11061 | D:4      | Killed a moth of wrath
 11639 | D:9      | Noticed a wizard
 11862 | D:10     | Entered Level 10 of the Dungeon
 11870 | D:10     | Reached skill level 1 in Short Blades
 11870 | D:10     | Reached skill level 1 in Necromancy
 11879 | D:10     | Reached XP level 11. HP: 92/92 MP: 18/18
 11902 | D:10     | Noticed an eight-headed hydra
 12611 | D:10     | Found a staircase to the Lair.
 13377 | D:11     | Reached skill level 11 in Ranged Weapons
 13513 | D:11     | Noticed a sun demon
 13753 | D:11     | Found a staircase to the Orcish Mines.
 14009 | D:11     | Noticed a boulder beetle
 14023 | D:11     | Killed a boulder beetle
 14718 | D:3      | Bought a scroll of teleportation for 42 gold pieces
 14718 | D:3      | Bought a scroll of magic mapping for 105 gold pieces
 14934 | Lair:1   | Entered Level 1 of the Lair of Beasts
 15049 | Lair:1   | Noticed a catoblepas
 15073 | Lair:1   | Killed a catoblepas
 15074 | Lair:1   | Reached skill level 12 in Ranged Weapons
 15277 | Lair:1   | Reached XP level 12. HP: 101/101 MP: 21/21
 15841 | Lair:2   | Reached skill level 13 in Ranged Weapons
 15857 | Lair:2   | Learned a level 4 spell: Dispel Undead
 15861 | Lair:2   | Learned a level 3 spell: Vampiric Draining
 16374 | Lair:2   | Found a runed translucent gate.
 16374 | Lair:2   | Found a runed translucent gate.
 16374 | Lair:2   | Found a runed translucent gate.
 16417 | Lair:2   | Noticed Faocaxoob's ghost (journeyman MiBe)
 16451 | Lair:2   | Found a staircase to the Shoals.
 16742 | Lair:3   | Found a transporter.
 16756 | Lair:3   | Noticed hito's ghost (journeyman DsRe)
 16768 | Lair:3   | Found a transporter.
 16781 | Lair:3   | Reached skill level 14 in Ranged Weapons
 17199 | Lair:3   | Found a hole to the Spider Nest.
 17565 | Lair:3   | Reached skill level 15 in Ranged Weapons
 17697 | Orc:1    | Entered Level 1 of the Orcish Mines
 17927 | D:3      | Bought the Parchment of Geometric Rallying for 240 gold
                  | pieces
 17931 | D:3      | Learned a level 3 spell: Portal Projectile
 18182 | Orc:1    | Paralysed by an orc sorcerer for 3 turns
 18275 | Orc:1    | Reached skill level 1 in Hexes
 18324 | Orc:1    | Reached XP level 13. HP: 107/107 MP: 22/22
 18765 | Orc:2    | Entered Level 2 of the Orcish Mines
 18777 | Orc:2    | Noticed an orc warlord
 19157 | Orc:1    | Killed an orc warlord
 19429 | Orc:2    | Reached skill level 1 in Armour
 19489 | Orc:2    | Found a staircase to the Elven Halls.
 19711 | Orc:2    | Reached skill level 16 in Ranged Weapons
 19823 | Orc:2    | Found Zionos's Book Emporium.
 19823 | Orc:2    | Found Jatwuref's Antique Armour Emporium.
 19824 | Orc:2    | Found Lidokupt's Magic Scroll Boutique.
 19824 | Orc:2    | Found Otuaxtebb's Assorted Antiques.
 19836 | Orc:2    | Bought a scroll labelled CAPPIECEO HESCH for 36 gold pieces
 19837 | Orc:2    | Acquired 883 gold pieces
 19849 | Orc:2    | Bought a scroll of teleportation for 45 gold pieces
 19849 | Orc:2    | Bought a scroll of magic mapping for 112 gold pieces
 20616 | Lair:4   | Identified the ring "Wylimyn" {Fire rPois Str-2 Int+4}
 20703 | Lair:4   | Noticed Diamem's ghost (adept GnHW)
 20786 | Lair:4   | Found a transporter.
 20789 | Lair:4   | Found a transporter.
 20822 | Lair:4   | Found the +8 lance "Wyrmbane" {slay drac, rPois rF+ rC+
                  | AC+3}
 20878 | Lair:4   | Found a staircase to the Slime Pits.
 21510 | Lair:5   | Entered Level 5 of the Lair of Beasts
 21841 | Lair:5   | Reached skill level 17 in Ranged Weapons
 21845 | Lair:5   | Reached skill level 5 in Armour
 21978 | Lair:5   | Reached XP level 14. HP: 112/114 MP: 23/23
 22754 | Lair:5   | Found a one-way gate to the infinite horrors of the Abyss.
 23647 | D:12     | Reached skill level 5 in Translocations
 23806 | D:13     | Noticed Rupert
 23810 | D:13     | Killed Rupert
 23811 | D:13     | Reached skill level 18 in Ranged Weapons
 23858 | D:13     | You are sucked into a shaft and drop 1 floor!
 23939 | D:13     | Found a gate leading to a gauntlet.
 23956 | Gauntlet | Entered a Gauntlet
 23956 | Gauntlet | Found a transporter.
 23956 | Gauntlet | Found a transporter.
 23956 | Gauntlet | Found a transporter.
 23968 | Gauntlet | Found a transporter.
 23971 | Gauntlet | Found a transporter.
 23980 | Gauntlet | Found a transporter.
 23982 | Gauntlet | Found a transporter.
 23990 | Gauntlet | Found a transporter.
 24010 | Gauntlet | Found a transporter.
 24030 | Gauntlet | Found a transporter.
 24031 | Gauntlet | Found a transporter.
 24042 | Gauntlet | Found a transporter.
 24202 | Gauntlet | Identified the ring "Wixoxt" {+Blink Str+6}
 24257 | Gauntlet | Identified the +8 halberd of Evisceration {speed, *Corrode
                  | rPois rN+ Stlth+}
 24630 | D:13     | Found a gate to the Vaults.
 24879 | D:14     | Found Fikhlyju's Jewellery Boutique.
 24882 | D:14     | Bought the ring of Arunt {rC+ rCorr Slay+3 Stlth+} for 494
                  | gold pieces
 25344 | D:3      | Bought the Exposition on Death for 200 gold pieces
 25349 | D:3      | Learned a level 4 spell: Animate Dead
 25354 | D:3      | Learned a level 4 spell: Anguish
 26794 | D:14     | Noticed Louise
 26811 | D:15     | Entered Level 15 of the Dungeon
 27050 | D:15     | Reached XP level 15. HP: 123/123 MP: 26/26
 27412 | D:15     | Found a staircase to the Depths.
 27420 | D:15     | Reached skill level 5 in Necromancy
 27693 | Spider:1 | Entered Level 1 of the Spider Nest
 28141 | Depths:1 | Entered Level 1 of the Depths
 28141 | Depths:1 | Noticed a sphinx
 28573 | Elf:1    | Entered Level 1 of the Elven Halls
 28611 | Elf:1    | Reached skill level 5 in Spellcasting
 29271 | Elf:1    | Noticed Jorgrun
 29279 | Elf:1    | Killed Jorgrun
 29709 | Elf:1    | Got Asmodeus's Volume of Friendly Confrontation
 29755 | Elf:1    | Found a runed translucent door.
 29755 | Elf:1    | Noticed Diaqofic's ghost (adept GnAr)
 29757 | Elf:1    | Found the +1 cloak of Starlight {*Dazzle EV+4 Stlth--}
 30074 | Elf:1    | Killed Diaqofic's ghost
 30245 | Elf:2    | Reached XP level 16. HP: 132/132 MP: 29/29
 30246 | Elf:2    | Reached skill level 5 in Hexes
 30307 | Elf:2    | Found Petar's Antique Armour Boutique.
 30336 | Elf:2    | Bought a bronze scale mail for 270 gold pieces
 30336 | Elf:2    | Identified the +3 scale mail "Assiqe" {rF- rC+ MP+9 Int+2}
                  | (You bought it in a shop on level 2 of the Elven Halls)
 31300 | Elf:3    | Entered Level 3 of the Elven Halls
 31506 | Elf:3    | Reached skill level 10 in Fighting
 32080 | Shoals:1 | Entered Level 1 of the Shoals
 32217 | Shoals:1 | Reached skill level 10 in Dodging
 32457 | Shoals:1 | Noticed a kraken
 32466 | Shoals:1 | Killed a kraken
 32606 | Shoals:1 | Noticed a kraken
 32614 | Shoals:1 | Killed a kraken
 32706 | Shoals:1 | Identified the +0 chain mail of Qyuceh {rN+ Str+5}
 33040 | Shoals:2 | Found Qiun's Armour Boutique.
 33054 | Shoals:2 | Bought the +0 pair of gloves of Ickof {rElec Int+3} for 372
                  | gold pieces
 33075 | Shoals:2 | Noticed Roxanne
 34029 | Shoals:2 | Killed Roxanne
 34105 | Shoals:3 | Noticed a kraken
 34113 | Shoals:3 | Killed a kraken
 34162 | Shoals:3 | Noticed Mara
 34179 | Shoals:3 | Noticed KennySheep's illusion
 34183 | Shoals:3 | Killed Mara
 34184 | Shoals:3 | Reached skill level 19 in Ranged Weapons
 34384 | Shoals:3 | Reached XP level 17. HP: 88/141 MP: 24/31
 34396 | Shoals:3 | Found a frozen archway.
 34411 | Shoals:3 | Identified the +9 long sword of Qazlal, Shouting {spect,
                  | Dex+3}
 34418 | IceCv    | Entered an ice cave
 34891 | IceCv    | Identified the +1 robe of the Arcane {rPois Slay-3 Stlth+
                  | Archmagi}
 34894 | IceCv    | Got the ring of Ruwauni {rC+ Will+ Stlth+}
 34896 | IceCv    | Got the ring of Aniequtz {Ice rElec}
 35332 | Elf:3    | Noticed a deep elf blademaster
 35360 | Elf:3    | Killed a deep elf blademaster
 35477 | Elf:3    | Noticed a deep elf blademaster
 35484 | Elf:3    | Killed a deep elf blademaster
 35525 | Elf:3    | Reached skill level 10 in Armour
 35563 | Elf:3    | Identified the +5 falchion "Nyshri" {venom, *Noise Str+6}
 35683 | Elf:3    | Identified the ring "Kyluoclu" {rCorr Int+6 SInv}
 35693 | Elf:3    | Identified the +1 robe "Buaguaw" {*Corrode rC++ Int+3}
 35693 | Elf:3    | Identified the amulet of the Augurer {RegenMP rPois rN+}
 35700 | Elf:3    | Reached skill level 10 in Stealth
 36015 | Elf:3    | Got the Encyclopedia of Lethal Flames
 36021 | Elf:3    | Got the Tractate on Enchantment and Direction
 36060 | Elf:3    | Learned a level 4 spell: Passage of Golubria
 36586 | Shoals:3 | Noticed Donald
 36595 | Shoals:3 | Killed Donald
 36961 | Shoals:4 | Entered Level 4 of the Shoals
 36961 | Shoals:4 | Found Rytzye's Antique Weapon Emporium.
 37161 | Shoals:4 | Found Suqet's Distillery.
 37172 | Shoals:4 | Bought a potion of haste for 140 gold pieces
 37172 | Shoals:4 | Bought 2 potions of haste for 280 gold pieces
 37283 | Shoals:4 | Found Tol Miur's Jewellery Shop.
 37292 | Shoals:4 | Found Leabour's Weapon Shoppe.
 37300 | Shoals:4 | Bought the ring "Enuef" {rElec rF+ Will+ Int+2 Dex+3} for
                  | 716 gold pieces
 38192 | Shoals:4 | Identified the ring "Jatuv" {rF+ Stlth+}
 38328 | Shoals:4 | Found Uskil's Magic Scroll Shop.
 38342 | Shoals:4 | Identified the ring of Panitejenit {rN+ Str+3}
 38373 | Shoals:4 | Bought a scroll of poison for 60 gold pieces
 38373 | Shoals:4 | Bought a scroll of magic mapping for 112 gold pieces
 38373 | Shoals:4 | Bought a scroll of poison for 60 gold pieces
 38426 | Shoals:4 | Got a barnacled rune of Zot
 38657 | Shoals:4 | Found a runed translucent door.
 38668 | Shoals:4 | Noticed themarg's ghost (adept DrCj)
 38701 | Shoals:4 | Killed themarg's ghost
 39612 | D:14     | Killed Louise
 39955 | Spider:1 | Reached XP level 18. HP: 139/152 MP: 34/34
 40542 | Spider:1 | Identified the +3 spear "Ixkowi" {freeze, Will+ rCorr}
 41256 | Spider:2 | Identified the ring "Xech" {+Blink rF+ Str+3 Dex+6}
 42775 | Spider:4 | Entered Level 4 of the Spider Nest
 43585 | Spider:4 | Reached skill level 5 in Short Blades
 44144 | Spider:4 | Reached XP level 19. HP: 160/161 MP: 36/36
 44172 | Spider:4 | Got a gossamer rune of Zot
 44429 | Vaults:1 | Entered Level 1 of the Vaults
 46040 | Vaults:2 | Learned a level 6 spell: Death Channel
 47041 | Vaults:2 | Noticed Frederick
 47061 | Vaults:2 | Killed Frederick
 47375 | Vaults:2 | Reached skill level 10 in Short Blades
 47571 | Vaults:2 | Reached skill level 10 in Necromancy
 47789 | Vaults:2 | Reached XP level 20. HP: 170/170 MP: 37/37
 48147 | Vaults:2 | Found a staircase to the Crypt.
 48157 | Crypt:1  | Entered Level 1 of the Crypt
 48520 | Crypt:1  | Noticed Khufu
 48528 | Crypt:1  | Noticed a royal mummy
 48529 | Crypt:1  | Killed Khufu
 49577 | Orc:2    | Bought a scroll of brand weapon for 142 gold pieces
 49895 | Vaults:3 | Reached skill level 20 in Ranged Weapons
 50111 | Vaults:3 | Found a runed translucent gate.
 50111 | Vaults:3 | Found a runed translucent gate.
 50111 | Vaults:3 | Found a runed translucent gate.
 50111 | Vaults:3 | Noticed Qanuace's ghost (veteran DsFi)
 50824 | Vaults:3 | Killed Qanuace's ghost
 51209 | Vaults:3 | Identified the +2 hat of Nyvidiemp {Harm rElec MP+9}
 51212 | Vaults:3 | Got Gadom's Catalogue of the Gathering and Ensorcelling
 51216 | Vaults:3 | Identified the +8 plate armour of Vonuv {Int+3}
 51357 | Vaults:4 | Identified the ring "Cucacwe" {Ice Int+3}
 51700 | Vaults:4 | Reached skill level 21 in Ranged Weapons
 52276 | Vaults:4 | Reached XP level 21. HP: 151/177 MP: 38/38
 52391 | Vaults:4 | Acquired 456 gold pieces
 52556 | Vaults:4 | Reached skill level 22 in Ranged Weapons
 54553 | Depths:1 | Reached skill level 23 in Ranged Weapons
 54796 | Depths:1 | Found a gateway to Hell.
 54806 | Depths:1 | You are sucked into a shaft and drop 1 floor!
 55494 | Depths:2 | Found the +2 hat of the Bear Spirit {Spirit, *Rage Will++}
 55514 | Depths:2 | Identified the +3 short sword of the Howling Whale {vamp,
                  | rElec rPois}
 55749 | Depths:2 | Identified the ring "Imioph" {rElec rF+ rC+ rN+ Int-5}
 55758 | Depths:2 | Noticed the Enchantress
 56405 | Depths:2 | Reached skill level 24 in Ranged Weapons
 56567 | Depths:2 | Found a one-way gateway to a ziggurat.
 57088 | Depths:2 | a quicksilver dragon changed into a golden dragon
 57088 | Depths:2 | Noticed a golden dragon (glowing shapeshifter)
 57090 | Depths:2 | Killed a golden dragon
 57103 | Depths:2 | Killed the Enchantress
 57182 | Depths:2 | Found a one-way gate leading to the halls of Pandemonium.
 57328 | Depths:2 | Got the Guide on Morbid Ozone
 57548 | Depths:3 | Reached XP level 22. HP: 184/184 MP: 39/39
 57549 | Depths:3 | Identified the ring "Zeujewouf" {rF+ rC+ Stlth+}
 57601 | Depths:3 | Noticed Sojobo
 57737 | Depths:3 | Found a runed translucent door.
 58051 | Depths:3 | Noticed Zatt's ghost (adept SpAK)
 58706 | Crypt:1  | Identified the +0 leather armour of Fawkud {rF+}
 58718 | Crypt:1  | Noticed Boris
 58738 | Crypt:1  | Killed Boris
 58747 | Crypt:1  | Killed a royal mummy
 59055 | Crypt:1  | Reached skill level 25 in Ranged Weapons
 59993 | Crypt:1  | Acquired 973 gold pieces
 60313 | Crypt:2  | Noticed Margery
 60348 | Crypt:2  | Killed Margery
 60941 | Crypt:3  | Entered Level 3 of the Crypt
 61212 | Crypt:3  | Noticed an ancient lich
 61224 | Crypt:3  | Killed an ancient lich
 61322 | Crypt:3  | Found the +6 Majin-Bo {vamp, MP+6 Int+6}
 61326 | Crypt:3  | Identified the ring "Tusm" {rC++ rN+}
 61326 | Crypt:3  | Identified the ring of Weto {rN+ Int+2}
 61326 | Crypt:3  | Identified the ring of the Tuna {rC++ rN+ Int+4 Dex+3}
 61572 | Crypt:3  | Found a staircase to the Tomb.
 61766 | Crypt:3  | Identified the +2 plate armour of Nemelex Xobeh's Fury
                  | {Dex+2 Slay+3}
 62141 | Crypt:3  | Identified the +9 dagger of the Fifty Loafs {vorpal, rPois
                  | Str+3}
 62638 | Depths:3 | Got the Reference Book on the Spellbinding Lungs
 62667 | Depths:3 | Reached skill level 15 in Armour
 62712 | Depths:3 | Noticed a dread lich
 62715 | Depths:3 | Noticed a dread lich
 62728 | Depths:3 | Killed a dread lich
 62731 | Depths:3 | Killed a dread lich
 62798 | Depths:3 | Got the Almanac of Called Enchantment
 62800 | Depths:3 | Got Ereshkigal's Guidebook on Hurting
 62811 | Depths:3 | Got the Incunabulum of Enchanting Darkness
 62915 | Depths:3 | Got the Reference Book on the Generative Pyromaniac
 62919 | Depths:3 | Identified the +6 shortbow "Ivypyep" {flame, rN++ Str-3
                  | Int+3}
 62958 | Depths:3 | Got Oginox's Volume of Bolts
 63047 | Depths:3 | Reached XP level 23. HP: 192/192 MP: 41/41
 63278 | Depths:3 | Killed Sojobo
 63585 | Depths:3 | Killed Zatt's ghost
 63675 | Depths:4 | Entered Level 4 of the Depths
 63771 | Depths:4 | Noticed a juggernaut
 63778 | Depths:4 | Killed a juggernaut
 64400 | Depths:4 | Identified the +10 war axe "Death Rattle" {speed, *Rage
                  | rF+++ rC- rN+ Str+2}
 64439 | Depths:4 | Reached skill level 26 in Ranged Weapons
 64594 | Depths:4 | Found a gate to the Realm of Zot.
 65336 | Depths:3 | Voluntarily entered the Abyss.
 66115 | Depths:3 | Escaped the Abyss
 66334 | Depths:3 | Voluntarily entered the Abyss.
 66609 | Abyss:2  | Reached skill level 15 in Fighting
 67256 | Abyss:3  | Paralysed by accursed screaming for 1 turns
 67266 | Abyss:3  | Paralysed by accursed screaming for 2 turns
 67486 | Abyss:4  | Paralysed by accursed screaming for 1 turns
 67542 | Depths:3 | Escaped the Abyss
 67781 | Depths:3 | Voluntarily entered the Abyss.
 67781 | Abyss:4  | Found a runed translucent gate.
 67782 | Abyss:4  | Found a runed translucent gate.
 67783 | Abyss:4  | Found a runed translucent gate.
 67917 | Abyss:4  | Paralysed by accursed screaming for 1 turns
 67951 | Abyss:4  | Paralysed by accursed screaming for 2 turns
 67958 | Abyss:4  | HP: 8/201 [will-o-the-wisp/foxfire (5)]
 67960 | Abyss:4  | HP: 1/201 [sun demon[a balrug] (5)]
 67964 | Abyss:4  | Succumbed to a death drake's dark miasma

Illustrated notes

Levels and vault maps discovered:
D:1:      heliophobic_arrival_ceremonial_halls, layout_basic, minivault_4
D:2:      layout_basic, basic_altar, uniq_robin
D:3:      layout_rooms, serial_shops, shop_fountains, nicolae_lakefront_shop,
          shop, nicolae_square_shop, shop, shapermc_ecumenical_altar_flowoftime,
          minmay_misc_feat_diagonals, skrybe_limestone_x, wad_woods_river_04,
          kennysheep_another_room
D:4:      black_bear_nest_1, layout_cave_pools, tgw_trog,
          dilly_guarded_unrand_morg
D:5:      layout_basic, lemuel_round_altar, nicolae_qazlal_scattered_showers,
          minmay_temple_entry_gardened_gates, nicolae_underground_beach,
          uniq_crazy_yiuf_cottage, uniq_prince_ribbit1, uniq_menkaure
D:6:      layout_basic, lemuel_coloured_pillars_altar, portal_sewer_entry_f,
          serial_shops, nicolae_shop_bloodbath_and_beyond
D:7:      layout_gridville, uniq_joseph
D:8:      layout_loops_ring, mainiacjoe_overflow_two_lobes, wad_hexagon
D:9:      minmay_inner_zag, layout_loops_ring, cheibriados_altar_1,
          enter_bailey_5, serial_rivers, chequers_serial_rivers_micro_c,
          chequers_serial_rivers_micro_c, chequers_serial_rivers_small_a,
          chequers_serial_rivers_large_a, chequers_serial_rivers_small_3,
          chequers_serial_rivers_micro_c, minmay_librarian, uniq_pikel
D:10:     layout_layer_cave, nicolae_elyvilon_temple_path,
          yredelemnul_forgotten_temple_becter, david_lair_generic, serial_glass,
          glass_columns_c, glass_columns_a, minmay_strange_pillars,
          minmay_chambers_of_fives
D:11:     layout_roguey [special_room_bee], david_orc_2, roderic_batcave,
          chequers_avenue
D:12:     nzn_motion_control, layout_loops_cross
D:13:     layout_roguey, david_vaults_1, gauntlet_entry_generic, uniq_rupert
D:14:     layout_stronghold, serial_column_ruins, column_ruins_open_tiny,
          column_ruins_corridor_corner, column_ruins_grid_3,
          column_ruins_open_tiny, serial_shops, kennysheep_mini_moat,
          uniq_louise
D:15:     hangedman_depths_entry_try_elsewhere_first, layout_basic,
          minmay_misc_feat_hallway, nrook_guardian_serpent_double
Lair:1:   layout_misc_corridors, nicolae_lair_grazing_beasts
          [nicolae_sub_lair_graze_edge, nicolae_sub_lair_graze_edge,
          nicolae_sub_lair_graze_edge, nicolae_sub_lair_graze_edge]
Lair:2:   beast_lair_carwin_large_1, layout_cave_shapes,
          elwin_shoals_entry_rocks, gammafunk_ghost_icy, serial_rivers,
          chequers_serial_rivers_micro_b, chequers_serial_rivers_micro_a,
          chequers_serial_rivers_micro_a, chequers_serial_rivers_room_b
Lair:3:   kb_forest_paths, layout_cave_shapes, spider_nest_entry_webs,
          gammafunk_ghost_wrathful_warriors
Lair:4:   layout_loops_ring, minmay_slime_entry_pillars, gammafunk_ghost_hive
Lair:5:   hellmonk_lair_end_abyssal_woods, layout_regular_city, minivault_27,
          lemuel_fruit_fields
Shoals:1: layout_shoals
Shoals:2: layout_shoals, nicolae_stop_n_shop_2, uniq_roxanne
Shoals:3: layout_shoals, portal_ice_cave_entry_dragon, uniq_mara, uniq_donald
Shoals:4: shoals_end_grunt_garden, layout_shoals, serial_shops,
          nicolae_shop_temple_entry_statues_fountains, shop,
          nicolae_shop_behind_doors, nicolae_shop_crystal, shop,
          ebering_ghost_inner_flame
Spider:1: layout_spider_delve, nicolae_spider_jagged_tunnels
Spider:2: nicolae_spider_hilbert_zone_7 [nicolae_spider_hilbert_4_sides_1_open,
          nicolae_spider_hilbert_4_sides_1_open,
          nicolae_spider_hilbert_4_sides_1_open,
          nicolae_spider_hilbert_4_sides_1_open,
          nicolae_spider_hilbert_3_sides_1_open,
          nicolae_spider_hilbert_3_sides_1_open,
          nicolae_spider_hilbert_3_sides_1_open,
          nicolae_spider_hilbert_3_sides_1_open,
          nicolae_spider_hilbert_4_sides_1_open,
          nicolae_spider_hilbert_4_sides_1_open,
          nicolae_spider_hilbert_4_sides_1_open,
          nicolae_spider_hilbert_2_sides_1_open,
          nicolae_spider_hilbert_2_sides_1_open,
          nicolae_spider_hilbert_2_sides_1_open,
          nicolae_spider_hilbert_2_sides_1_open,
          nicolae_spider_hilbert_2_sides_1_open,
          nicolae_spider_hilbert_2_sides_1_open], special_room
Spider:3: layout_cave_pods, hangedman_spider_tarantella_strand
Spider:4: hellmonk_spider_rune_endless_swarm, nicolae_spider_not_touching_you
Orc:1:    layout_caves, nicolae_orc_pool_cavern
Orc:2:    st_orc_elflike, layout_diamond_mine, basic_altar
Elf:1:    eino_elf_arrival_altar, layout_geoelf_octagon, gammafunk_ghost_grave,
          minmay_elf_sorcery, lemuel_upstairs_altar, uniq_jorgrun
Elf:2:    nicolae_elf_blades_crystal_corner, layout_loops_cross, serial_shops,
          shop_statue, minmay_strange_pillars, evilmike_minifort,
          lemuel_elevator
Elf:3:    elf_hall, layout_geoelf_diagonals
Vaults:1: vaults_mumra_chevron_long, vaults_room_door_ring, vaults_dpeg_cross,
          v_pattern_3, vaults_dpeg_diagonal,
          hangedman_vaults_stretched_pinwheel, ontoclasm_vaults_loading_screen,
          nicolae_vaults_little_squares_5, layout_vaults_omnigrid
Vaults:2: grunt_vaults_hallway_long, v_misc_9, v_rooms_2,
          minmay_crypt_entry_simple_walls, vaults_standard_mumra_x,
          ontoclasm_vaults_misaligned, nicolae_vaults_theta,
          ontoclasm_vaults_bender, nicolae_vaults_big_angled_halls,
          nicolae_vaults_murderbox, ontoclasm_vaults_shuriken,
          ontoclasm_vaults_hangar, hangedman_vaults_variations,
          nicolae_vaults_border_crossing, layout_vaults_omnibox, uniq_frederick
Vaults:3: gammafunk_ghost_split, nicolae_vaults_little_squares_6,
          nicolae_vaults_octagons, v_rooms_6, nicolae_vaults_little_squares_6,
          v_misc_23, v_pattern_2, v_misc_8, hangedman_vaults_impose,
          nicolae_vaults_yaktaur_gun_rack, layout_vaults_chaotic_city
Vaults:4: nicolae_vaults_network_periphery, ontoclasm_vaults_ring_small,
          vaults_dpeg_ring, vaults_mumra_hex, dpeg_vaults_monster_row,
          v_pattern_4, nicolae_vaults_meeting, nicolae_vaults_what_the_h,
          vaults_room_door_ring, vaults_room_door_hall, ontoclasm_vaults_pinch,
          layout_vaults_omnicross
Crypt:1:  gammafunk_crypt_yreds_forest, layout_chaotic_city,
          hangedman_blasphemy, uniq_khufu, uniq_boris
Crypt:2:  layout_gridlike, grunt_megastairs_5, uniq_margery
Crypt:3:  cryptofortress_bobbens
Depths:1: layout_cave_shapes, nicolae_water_bricks,
          pf_vacation_house_of_asmodeus, dreamdust_wishing_well,
          kennysheep_big_empty_room, evilmike_ambush
          [evilmike_ambush_outer_pillars, evilmike_ambush_inner_wall_1],
          serial_bayou_shore_b
Depths:2: radiant_caverns_b_rkd, hell_entry, pan_entry, uniq_enchantress
Depths:3: evilmike_library_of_no_secrets, layout_gridville, abyss_entry,
          ebering_ghost_reflecting_pool, grunt_hell_entry_dis_grunt,
          nicolae_lava_and_water, minmay_protected_statue,
          infiniplex_staircase_star, uniq_sojobo
Depths:4: grunt_twist_and_shout, layout_cave_shapes, minmay_misc_feat_encased,
          hell_entry, serial_bayou_shore_b
Abyss:4:  base: D:3, base: Spider:4, spicy_abyss_rude_harpoons, minivault_25_ag,
          base: D:7, base: Lair:2, minivault_22

Skill      XL: |  1  2  3  4  5  6  7  8  9 10 11 12 13 14 15 16 17 18 19 20 21 22 23 |
---------------+----------------------------------------------------------------------+-----
Stealth        | 1 2 3 4 5 6 7 8 9 10 11 | 11.1
Dodging        | 2 3 4 5 6 7 8 9 10 11 12 | 12.8
Fighting       | 2 3 4 5 6 7 8 9 10 11 12 13 15 | 15.9
Ranged Weapons | 4 5 6 8 9 10 12 15 17 18 19 21 24 25 26 | 26.4
Translocations | 2 4 5 6 7 8 |  8.7
Spellcasting   | 2 3 4 5 6 7 8 |  8.4
Short Blades   | 1 3 5 10 | 10.0
Necromancy     | 1 3 4 6 7 10 11 | 11.3
Hexes          | 1 2 3 4 6 8 |  8.2
Armour         | 5 7 8 9 10 11 12 15 17 | 17.8

Action                   |  1- 3 |  4- 6 |  7- 9 | 10-12 | 13-15 | 16-18 | 19-21 | 22-24 || total
-------------------------+-------+-------+-------+-------+-------+-------+-------+-------++-------
Melee: Dagger            |       |       |    33 |    12 |     8 |    45 |    74 |     3 ||   175
       Arbalest          |       |       |       |     1 |       |     1 |       |       ||     2
       Punch             |       |       |       |       |       |     1 |     1 |       ||     2
 Fire: Shortbow          |   123 |   160 |   439 |       |       |       |       |       ||   722
       Arbalest          |       |       |    41 |   713 |  1098 |  1455 |  1232 |       ||  4539
       Triple crossbow   |       |       |       |       |       |       |   261 |  1259 ||  1520
 Cast: Blink             |       |       |       |     1 |     6 |       |     1 |     3 ||    11
       Portal Projectile |       |       |       |       |    14 |    15 |    26 |     2 ||    57
       Animate Dead      |       |       |       |       |     2 |     2 |     7 |       ||    11
       Death Channel     |       |       |       |       |       |       |     2 |       ||     2
       Anguish           |       |       |       |       |       |       |     1 |       ||     1
       Dispel Undead     |       |       |       |       |       |       |       |     2 ||     2
Evoke: Wand              |       |       |       |     1 |       |     2 |     1 |       ||     4
       Phantom mirror    |       |       |       |       |       |       |     1 |       ||     1
  Use: Scroll            |       |     6 |    15 |     9 |     9 |     9 |    23 |    16 ||    87
       Potion            |       |     3 |     9 |       |     1 |     3 |     2 |    15 ||    33
 Stab: Sleeping          |       |       |     6 |       |     4 |     2 |     2 |       ||    14
       Invisible         |       |       |       |       |       |    16 |    29 |       ||    45
Armor: Leather armour    |    12 |    14 |    31 |   146 |   175 |   135 |   133 |     9 ||   655
       Skin              |       |       |    27 |       |       |       |       |       ||    27
       Ice dragon scales |       |       |       |       |       |       |       |   315 ||   315
Dodge: Dodged            |    34 |    49 |   158 |   451 |   460 |  1043 |  1264 |  1026 ||  4485

Table legend: (Time is in decaauts)
 A = Elapsed time spent in this place.
 B = Non-inter-level travel time spent in this place.
 C = Inter-level travel time spent in this place.
 D = Time resting spent in this place.
 E = Time spent auto-exploring this place.
 F = Levels seen in this place.
 G = Mean time per level.
                   A        B        C        D        E       F      G
               +--------+--------+--------+--------+--------+-----+--------+
         Total |  68955 |  60391 |   8564 |  10770 |  35184 |  54 | 1276.9 |
       Dungeon |  21798 |  17018 |   4780 |   1892 |  11383 |  15 | 1453.2 |
          Lair |   6196 |   5528 |    668 |    766 |   3670 |   5 | 1239.2 |
        Shoals |   4525 |   4213 |    312 |    428 |   2893 |   4 | 1131.2 |
   Spider Nest |   4613 |   4464 |    149 |    587 |   2794 |   4 | 1153.2 |
  Orcish Mines |   2144 |   1475 |    669 |    268 |    791 |   2 | 1072.0 |
   Elven Halls |   4671 |   3999 |    672 |   1081 |   2062 |   3 | 1557.0 |
        Vaults |   8806 |   8068 |    738 |   1671 |   4825 |   4 | 2201.5 |
         Crypt |   4335 |   4205 |    130 |    849 |   2284 |   3 | 1445.0 |
        Depths |   7910 |   7468 |    442 |   2760 |   3071 |   4 | 1977.5 |
         Abyss |   2263 |   2263 |      0 |    158 |   1100 |   6 |  377.2 |
         Sewer |    193 |    193 |      0 |     46 |     67 |   1 |  193.0 |
        Bailey |    573 |    573 |      0 |     80 |     56 |   1 |  573.0 |
      Ice Cave |    575 |    575 |      0 |    145 |     55 |   1 |  575.0 |
      Gauntlet |    348 |    348 |      0 |     37 |    133 |   1 |  348.0 |
               +--------+--------+--------+--------+--------+-----+--------+

Top non-repeatable levels by time:
Vaults:2: 2784 daAuts
     D:9: 2439 daAuts
Depths:3: 2429 daAuts
Vaults:4: 2330 daAuts
Depths:2: 2289 daAuts
 Crypt:1: 2191 daAuts
    D:10: 2097 daAuts
Vaults:3: 2024 daAuts
    D:11: 1905 daAuts
   Elf:1: 1868 daAuts
     D:8: 1756 daAuts
  Lair:3: 1682 daAuts
Vaults:1: 1666 daAuts
   Elf:3: 1653 daAuts
Depths:1: 1630 daAuts
